Cogmind - Beta 14 @@@ ROGUE MODE // 2025.01.19 @ 22:15:01 Player: Dewz Result: Self-destructed Performance ------------- Evolutions (2) 1000 Regions Visited (4) 800 Robots Destroyed (27) 135 Value Destroyed (781) 781 Prototype IDs (2) 40 Alien Tech Used (0) 0 Bonus (194) 194 TOTAL SCORE: 2950 Bonus ------- Follower Combat Kills 203 Friendly Fire -9 Cogmind --------- Core Integrity 236/550 Matter 273/300 Energy 100/100 System Corruption 0% Temperature Warm (189) Movement Core (200) Ox3 Location -8/Materials Parts ------- > --- POWER (2) -------- (None) > --- PROPULSION (2) --- (None) > --- UTILITY (4) ------ Medium Storage Unit System Shield > --- WEAPON (3) ------- (None) > --- INVENTORY (10) --- Light Treads Improved Treads Improved Treads Heat Sink Hacking Suite Peak State ------------ > --- POWER ------------ Improved Ion Engine Improved Ion Engine > --- PROPULSION ------- Improved Treads Improved Treads > --- UTILITY ---------- Medium Storage Unit Sensor Array Light Armor Plating System Shield > --- WEAPON ----------- Light Assault Rifle Light Assault Rifle Heavy Assault Rifle > --- INVENTORY -------- Light Treads Improved Treads Improved Treads Heat Sink Hacking Suite Light Assault Rifle Light Assault Rifle [Rating: 19] Favorites ----------- Power Improved Ion Engine Engine Improved Ion Engine Propulsion Improved Treads Treads Improved Treads Utility Light Armor Plating Device Heat Sink Storage Medium Storage Unit Hackware System Shield Protection Light Armor Plating Weapon Light Assault Rifle Energy Gun EM Pulse Gun Ballistic Gun Light Assault Rifle Ballistic Cannon Light Cannon Build | -11 -10 -9 -9 -8 ------- Run | Yrd Mat Mat Sto Mat Slots Evolved 4 | . . 2 . 2 Power 1 | . . . . 1 Propulsion . | . . . . . Utility 2 | . . 1 . 1 Weapon 1 | . . 1 . . Parts Attached 35 | 7 5 7 11 5 Power 4 | 1 1 1 . 1 Engine 4 | 1 1 1 . 1 Core . | . . . . . Reactor . | . . . . . Propulsion 7 | 2 . 2 3 . Treads 7 | 2 . 2 3 . Leg . | . . . . . Wheel . | . . . . . Hover . | . . . . . Flight . | . . . . . Utility 12 | 1 2 3 4 2 Device 3 | . 1 1 . 1 Storage 2 | 1 1 . . . Processor . | . . . . . Hackware 1 | . . . . 1 Protection 6 | . . 2 4 . Artifact . | . . . . . Weapon 12 | 3 2 1 4 2 Energy Gun 2 | 2 . . . . Energy Cannon . | . . . . . Ballistic Gun 9 | 1 2 1 3 2 Ballistic Cannon 1 | . . . 1 . Launcher . | . . . . . Special Weapon . | . . . . . Impact Weapon . | . . . . . Slashing Weapon . | . . . . . Piercing Weapon . | . . . . . Special Melee Weapon . | . . . . . Unidentified Prototypes . | . . . . . Parts Lost 15 | . . . 3 12 Power 2 | . . . . 2 Propulsion 2 | . . . . 2 Utility 6 | . . . 3 3 Weapon 5 | . . . . 5 Highest Loss Streak 11 | . . . 1 11 To Critical Strikes . | . . . . . Average Slot Usage (%) 97 | . 96 96 98 94 Engine 12 | . 14 11 11 16 Treads 22 | . 28 22 21 17 Device 3 | . 10 9 . 8 Storage 11 | . 14 11 11 9 Protection 15 | . . 9 21 14 Energy Gun 1 | . 8 . . . Ballistic Gun 27 | . 19 33 29 25 Ballistic Cannon 1 | . . . 3 . Peak Build Rating 19 | 6 7 11 15 19 Average Rating 11 | 4 6 9 13 16 On Entrance 7 | . 6 7 11 14 Naked Turns . | . . . . . Heaviest Build 36 | 11 18 26 34 36 Greatest Support 46 | 40 40 40 46 46 Greatest Overweight (x) . | . . . . . Average Overweight (x) . | . . . . . Largest Inventory Capacity 10 | 8 10 10 10 10 Average Capacity 9 | 7 8 10 10 10 Most Carried 10 | 4 9 10 10 8 Average Carried 7 | 2 6 9 8 6 Final Capacity 10 | 8 10 10 10 10 Final Carried 10 | 4 9 10 8 5 Class Distribution -------------------- 40% | Scavenger-Tank 26% | Mutant 16% | Tank 11% | Commander-Tank Dominant Class ---------------- Mutant | -10/Materials Scavenger-Tank | -9/Materials Scavenger-Tank | -9/Storage Scavenger-Tank | -8/Materials Resources | -11 -10 -9 -9 -8 ----------- Run | Yrd Mat Mat Sto Mat Matter Collected 725 | 218 131 105 251 20 Remotely . | . . . . . Salvage Created 1007 | . 276 200 465 66 Parts 69 | . 18 14 32 5 Haulers Intercepted . | . . . . . Recyclers Shooed . | . . . . . Parts Field Recycled . | . . . . . Retrieved Matter . | . . . . . Parts Self-Destructed . | . . . . . Prevented . | . . . . . Kills | -11 -10 -9 -9 -8 ------- Run | Yrd Mat Mat Sto Mat Combat Hostiles Destroyed 23 | . 9 4 9 1 Guns 22 | . 9 4 8 1 Cannons 1 | . . . 1 . Classes Destroyed 8 | . 3 2 2 1 Builder 1 | . . . 1 . Recycler 1 | . 1 . . . Operator 1 | . . . . 1 Watcher 1 | . . . 1 . Swarmer 6 | . 6 . . . Grunt 9 | . 3 1 4 1 Brawler 1 | . . 1 . . Sentry 7 | . . 2 5 . Best Kill Streak 4 | . 4 2 3 1 Combat Bots Only 3 | . 3 2 2 1 Max Kills in Single Turn 1 | . 1 1 1 1 Gunslinging . | . . . . . Exploded . | . . . . . Melee . | . . . . . Uniques/NPCs Destroyed . | . . . . . Combat | -11 -10 -9 -9 -8 -------- Run | Yrd Mat Mat Sto Mat Hostile Shots Fired 213 | . 36 13 74 90 Missed 42 | . 6 4 19 13 Damage Taken 2207 | . 261 147 740 1059 Core 432 | . 48 17 53 314 Absorbed by Shields . | . . . . . Regen/Repaired (Parts) 99 | . . . 99 . Core Remaining (%) 87 | 100 80 . 82 . Volleys Fired 87 | . 24 11 34 18 Largest 3 | . 2 3 3 3 Hottest 78 | . 60 60 78 63 Shots Fired 224 | . 48 33 102 41 Gun 217 | . 48 33 95 41 Cannon 7 | . . . 7 . Launcher . | . . . . . Special . | . . . . . Kinetic 212 | . 36 33 102 41 Thermal . | . . . . . Explosive . | . . . . . Electromagnetic 12 | . 12 . . . Robot Hit Streak 13 | . 7 12 5 13 Robot Miss Streak 7 | . 5 1 7 3 Penetration Max . | . . . . . Secondary Targets 2 | . 1 . 1 . Max Gunslinging Chain 1 | . 1 . 1 . Shots Hit Robots 143 | . 27 25 63 28 Core Hits 68 | . 16 13 30 9 Critical Kills . | . . . . . Critical Parts Destroyed . | . . . . . Critical Strikes . | . . . . . Melee Attacks . | . . . . . Impact . | . . . . . Slashing . | . . . . . Piercing . | . . . . . Sneak Attacks . | . . . . . Combat Hostiles . | . . . . . Follow-up Attacks . | . . . . . Damage Inflicted 1460 | 5 313 181 689 272 Guns 1335 | . 266 181 616 272 Cannons 73 | . . . 73 . Explosions 47 | . 47 . . . Melee . | . . . . . Ramming 5 | 5 . . . . Kinetic 1302 | . 160 181 689 272 Thermal 47 | . 47 . . . Explosive . | . . . . . Electromagnetic 106 | . 106 . . . Impact . | . . . . . Slashing . | . . . . . Piercing . | . . . . . Highest Corruption . | . . . . . Average Corruption . | . . . . . Corruption Purged . | . . . . . Corruption Blocked . | . . . . . Overload Shots . | . . . . . Overflow Damage . | . . . . . Projectiles . | . . . . . Explosions . | . . . . . Melee . | . . . . . Knockbacks . | . . . . . Impact . | . . . . . Kinetic . | . . . . . Secondary . | . . . . . Self-Inflicted Damage . | . . . . . Shots . | . . . . . Rammed 1 | 1 . . . . Targets Rammed 1 | 1 . . . . Kicked . | . . . . . Crushed . | . . . . . Highest Temperature 233 | . 82 53 233 218 Average Temperature 80 | . 38 24 72 130 Received Heat Transfer 792 | . 54 39 267 432 Effects 1 | . . . . 1 Interference 1 | . . . . 1 Siege Activations . | . . . . . Robots Corrupted . | . . . . . Combat Hostiles . | . . . . . Parts Fried . | . . . . . Impact Corruptions . | . . . . . Robots Melted . | . . . . . Combat Hostiles . | . . . . . Parts Melted . | . . . . . Heat Transferred . | . . . . . Parts Sabotaged . | . . . . . Parts Stolen . | . . . . . Parts Stripped . | . . . . . Power Chain Reactions 1 | . 1 . . . Alert | -11 -10 -9 -9 -8 ------- Run | Yrd Mat Mat Sto Mat Peak Influence 323 | . 227 235 323 142 Initial 112 | . . 95 98 112 Average 141 | . 108 167 167 117 Maximum Alert Level 1 | . 1 1 1 . Low Security (%) 75 | 100 66 75 69 100 Level 1 24 | . 33 24 30 . Level 2 . | . . . . . Level 3 . | . . . . . Level 4 . | . . . . . Level 5 . | . . . . . High Security . | . . . . . Max Security . | . . . . . Squads Dispatched 7 | . 2 . 5 . Investigation 2 | . 1 . 1 . Extermination . | . . . . . Reinforcement 2 | . 1 . 1 . Assault . | . . . . . Garrison 3 | . . . 3 . Intercept . | . . . . . Searches Triggered . | . . . . . Construction Impeded . | . . . . . Haulers Reinforced . | . . . . . Active Scanning Responses . | . . . . . Cargo Convoy Interrupts . | . . . . . Stealth | -11 -10 -9 -9 -8 --------- Run | Yrd Mat Mat Sto Mat Distress Signals 2 | . 1 . . 1 Communications Jammed . | . . . . . Distress Signals . | . . . . . Times Spotted 45 | . 13 4 20 8 Peak Tracking Total 7 | . 4 2 3 7 Tactical Retreats 2 | . 1 . 1 . Traps | -11 -10 -9 -9 -8 ------- Run | Yrd Mat Mat Sto Mat Traps Triggered . | . . . . . Indirectly . | . . . . . Trap Hack Attempts . | . . . . . Triggered . | . . . . . Disarmed . | . . . . . Reprogrammed . | . . . . . Reused . | . . . . . Traps Extracted . | . . . . . Installed . | . . . . . Triggered . | . . . . . Machines | -11 -10 -9 -9 -8 ---------- Run | Yrd Mat Mat Sto Mat Machines Disabled . | . . . . . Max in Single Turn . | . . . . . Machines Repaired . | . . . . . Machines Dismantled . | . . . . . Machines Sabotaged . | . . . . . Overloaded Fab Kills . | . . . . . Hacking | -11 -10 -9 -9 -8 --------- Run | Yrd Mat Mat Sto Mat Machines Accessed 9 | . 2 . 7 . Terminals 7 | . 2 . 5 . Fabricators . | . . . . . Repair Stations 1 | . . . 1 . Recycling Units . | . . . . . Scanalyzers . | . . . . . Garrison Access 1 | . . . 1 . Total Hacks 26 | . 6 . 20 . Successful 19 | . 3 . 16 . Failed 7 | . 3 . 4 . Catastrophic 1 | . . . 1 . Database Lockouts . | . . . . . Manual . | . . . . . Terminals 20 | . 6 . 14 . Fabricators . | . . . . . Repair Stations 4 | . . . 4 . Recycling Units . | . . . . . Scanalyzers . | . . . . . Garrison Access 2 | . . . 2 . Terminal Hacks 13 | . 3 . 10 . Record 2 | . 1 . 1 . Part Schematic 3 | . . . 3 . Prototype ID Bank 1 | . . . 1 . Open Door 1 | . . . 1 . Emergency Access Points 1 | . 1 . . . Alert Level 1 | . . . 1 . Locate Traps 1 | . . . 1 . Dispatch Records 1 | . 1 . . . Zone Layout 2 | . . . 2 . Fabricator Hacks . | . . . . . Repair Station Hacks 4 | . . . 4 . Scan Component 2 | . . . 2 . Repair 2 | . . . 2 . Recycling Unit Hacks . | . . . . . Scanalyzer . | . . . . . Garrison Access Hacks 2 | . . . 2 . Unlock Access 1 | . . . 1 . Coupler Status 1 | . . . 1 . Unauthorized Hacks . | . . . . . Terminals . | . . . . . Fabricators . | . . . . . Repair Stations . | . . . . . Recycling Units . | . . . . . Scanalyzers . | . . . . . Garrison Access . | . . . . . Data Cores Recovered 1 | . . . . 1 Used . | . . . . . Hacking Detections 5 | . 2 . 3 . Full Trace Events 2 | . 1 . 1 . Feedback Events . | . . . . . Feedback Blocked . | . . . . . Robot Schematics Acquired . | . . . . . Robots Built . | . . . . . Authchips . | . . . . . Time . | . . . . . Total Robot Build Rating . | . . . . . Part Schematics Acquired 3 | . . . 3 . Parts Built . | . . . . . Authchips . | . . . . . Time . | . . . . . Total Part Build Rating . | . . . . . Parts Repaired 2 | . . . 2 . Time 58 | . . . 58 . Parts Recycled . | . . . . . Recycled Matter . | . . . . . Retrieved Matter . | . . . . . Retrieved Components . | . . . . . Parts Scanalyzed . | . . . . . Part Schematics Acquired . | . . . . . Parts Damaged . | . . . . . Bothacking | -11 -10 -9 -9 -8 ------------ Run | Yrd Mat Mat Sto Mat Used RIF Installer . | . . . . . Robots Hacked . | . . . . . Non-combat . | . . . . . Combat . | . . . . . Robot Hacks Applied . | . . . . . Relay Couplers Released . | . . . . . Fabnet Peak Effective % . | . . . . . Robots Rewired . | . . . . . Allies Hacked . | . . . . . Hacks Repelled . | . . . . . Allies | -11 -10 -9 -9 -8 -------- Run | Yrd Mat Mat Sto Mat Total Allies 10 | . . . 10 . Largest Group 10 | . . . 10 . Highest-Rated Group 88 | . . . 88 . Highest-Rated Ally 16 | . . . 16 . Total Orders . | . . . . . Ally Attacks 69 | . . . 69 . Total Damage 610 | . . . 610 . Kills 10 | . . . 10 . Allies Corrupted . | . . . . . Allies Melted . | . . . . . Intel | -11 -10 -9 -9 -8 ------- Run | Yrd Mat Mat Sto Mat Robot Analysis Total . | . . . . . Derelict Logs Recovered . | . . . . . Drone Launches . | . . . . . Drone Recoveries . | . . . . . Exploration | -11 -10 -9 -9 -8 ------------- Run | Yrd Mat Mat Sto Mat Turns Passed 1792 | 100 315 164 982 231 Spaces Moved 820 | 59 141 67 447 106 Core 8 | 8 . . . . Treads 812 | 51 141 67 447 106 Legs . | . . . . . Wheels . | . . . . . Hover . | . . . . . Flight . | . . . . . Fastest Speed 50 | 50 160 160 160 160 Average Speed 158 | 145 160 160 160 160 Slowest Speed 160 | 160 160 160 160 160 Overloaded Moves . | . . . . . Propulsion Burnouts . | . . . . . Robots Hopped . | . . . . . Cave-ins Triggered . | . . . . . Exploration Rate (%) 23 | 4 34 7 64 8 Regions Visited 4 Branch Regions 1 Pre-discovered Areas . | . . . . . Known Exits Taken . | . . . . . Unknown Exits Taken 4 | 1 1 1 1 . Scrap Searched . | . . . . . Spaces Dug . | . . . . . Terrain Destroyed 3 | . 3 . . . Melee . | . . . . . Projectile . | . . . . . AOE 3 | . 3 . . . Terrain Rammed . | . . . . . Walls Destroyed . | . . . . . Machines Disabled . | . . . . . Actions | -11 -10 -9 -9 -8 --------- Run | Yrd Mat Mat Sto Mat Total 1162 | 70 189 105 659 139 Wait 179 | . 14 17 140 8 Move 817 | 59 140 66 446 106 Hop . | . . . . . Pick Up 19 | 3 4 . 10 2 Fast Attach 15 | 7 . 3 5 . Attach 10 | . 2 1 2 5 Detach 4 | 1 1 1 1 . Swap 10 | . 3 3 4 . Drop 20 | . 1 3 16 . Fire 87 | . 24 11 34 18 Melee . | . . . . . Ram . | . . . . . Kick . | . . . . . Crush . | . . . . . Escape Stasis . | . . . . . Rewire 1 | . . . 1 . Trap . | . . . . . Miscellaneous . | . . . . . Route ------- -11/Scrapyard -10/Materials -9/Materials -9/Storage (discovered 2 exits: [*Mat] / Gar) -8/Materials History --------- Turn | Location | Event 10 | -11/Scrapyard | Discovered new exit (range 15) 101 | -11/Scrapyard | Entered Materials 306 | -10/Materials | Build established: Mutant 397 | -10/Materials | Discovered new exit (range 12) 416 | -10/Materials | Entered another Materials area 416 | -9/Materials | Evolved 2 slots: Utility x1, Weapon x1 453 | -9/Materials | Discovered new exit (range 8) 580 | -9/Materials | Entered Storage 881 | -9/Storage | Repaired Lgt. Assault Rifle 918 | -9/Storage | Repaired Imp. Treads 1128 | -9/Storage | Assisted by bots powering up and referring to "LRC-V3" 1147 | -9/Storage | Identified exit to Garrison 1164 | -9/Storage | Garrison activated, responded to threat 1198 | -9/Storage | Lost 3 allies 1372 | -9/Storage | Lost 4 allies 1533 | -9/Storage | Discovered new exit (range 15) 1562 | -9/Storage | Entered Materials 1562 | -8/Materials | Evolved 2 slots: Power x1, Utility x1 1660 | -8/Materials | Build established: Scavenger-Tank 1793 | -8/Materials | Core integrity fell below 50% 1793 | -8/Materials | Self-destructed Last Messages --------------- 01774_ Sensor Array destroyed. 01776_ Lgt. Assault Rifle destroyed. 01776_ Critical hit (Burn: +37). 01778_ Overheating: System interference. 01778_ Lgt. Assault Rifle temporarily disabled. 01778_ Imp. Treads destroyed. 01781_ Critical hit (Burn: +37). 01782_ Wall collapses. 01783_ Penetrated by Slug. 01784_ Imp. Ion Engine destroyed. 01785_ Critical hit (Burn: +37). 01785_ M-13 Machinist repairs G-47 Trooper. 01786_ Penetrated by Slug. 01787_ Lgt. Assault Rifle destroyed. 01789_ Penetrated by Slug. 01789_ Lgt. Assault Rifle destroyed. 01790_ Imp. Treads destroyed. 01792_ Lgt. Assault Rifle destroyed. 01792_ Critical hit (Burn: +37). 01792_ Penetrated by Slug. Map ----- +----------------------------------------------------+ | ??????????????????????????# ???????????????????? | | ??????????????????????????# ???????????????????? | | ??????????????????????????# ???????????????????? | | ??????????????????????????# #??????????????????? | | ??????????????????????????# #??????????????????? | | ?????????????????????????## ##?????????????????? | | ?????????????????????????# #?????????????????? | | ?????????????????????????# #?????????????????? | | ?????????????????????????+ #?????????????????? | | ?????????????????????????# ??????????????????? | | ?????????????????????????# ??????????????????? | | ??????????????????????????# #??????????????????? | | ??????????????????????????# #??????????????????? | | ???????????????########???# #??????????????????? | | ???????????????# """ #???# #??????????????????? | | ???????????????# """ #???# #??????????????????? | | ???????????????# """ #???# #??????????????????? | | ???????????????# #???# #??????????????????? | | ???????????????# #???#r ###########????????? | | ???????????????# #???#m # #????????? | | ???????????????####+#######u # #????????? | | ??????????####### # """ """ #????????? | | ??????????# # # """ """ #????????? | | ??????????# [ # %h + """ """ #????????? | | ??????????# # ####Y;# # """ """ #????????? | | ??????????# # ## @# # """ """ #????????? | | ??????????# # ##g "##### #????????? | | ??????????# +! /g "#???###########????????? | | ??????????# """ # ## "#??????????????????????? | | ??????????# """ ###### T#??????????????????????? | | ??????????# """ #????#! "#??????????????????????? | | ??????????# #????# "#??????????????????????? | | ??????????# #????#| "#??????????????????????? | | ??????????# #????# #??????????????????????? | | ??????????######?????######??????????????????????? | | ?????????????????????????????????????????????????? | | | | | | | | | | | | | | | | | | | | | | | | | | | | | +----------------------------------------------------+ Best States ------------- Heat Dissipation 48 Energy Generation 19 Energy Capacity 430 Matter Stores 300 Matter Capacity 300 Sight Range 16 Robot Scan Range 14 Terrain Scan Density 10 Armor Coverage 375 Evasion (%) 40 Recoil Reduction 2 Defensive Hacking 10 Item Schematics ----------------- Beam Rifle | -9/Storage | Hacked Shield Generator | -9/Storage | Hacked Gauss Cannon | -9/Storage | Hacked Robot Schematics ------------------ None Fabricated ------------ Nothing Alien Tech Used ----------------- None Achievements -------------- None Challenges ------------ None Game ------ Seed TerrainServoGravjet Manual? 0 Play Time 00:29:54 Cumulative 7.5 hours Start 2025.01.19 @ 21:44:57 End 2025.01.19 @ 22:15:01 Sessions 1 Manual Loads 0 Difficulty Rogue Special Mode None Game No. 7 Rogue 7 Adventurer 0 Explorer 0 Win Type - Total 0 Types 0/0/0/0/0/0/0/0/0 Lore% 1 Gallery% 11 Achievement% 13 Wizard Run 0 Options --------- Layout 1 ASCII 0 Keyboard 1 Movement Vi Keybinds 0 Fullscreen 1 Font 24/Smallcaps Map View 50x40 Zoom Use 0% Tactical HUD 1 Map Filters NONE Filters NONE Steam 1 RUN: 211af1f8-a4a8-4586-9558-ba33c5dbf470